 Dungeon Crawl Stone Soup version 0.30-a0-1014-g3371b13838 (webtiles) character file.

Game seed: 1057778327165955954

431 Malachi the Cutter (level 6, 0/85 HPs)
             Began as a Troll Brigand on Apr 6, 2023.
             Was a Follower of Trog.
             Slain by Duvessa
             ... wielding a +0 short sword
              (14 damage)
             ... on level 4 of the Dungeon.
             The game lasted 00:05:03 (2906 turns).

Malachi the Cutter (Troll Brigand)                  Turns: 2906, Time: 00:05:04

Health: 0/85       AC: 11    Str: 20    XL:     6   Next: 67%
Magic:  0/5        EV:  9    Int:  7    God:    Trog [*.....]
Gold:   184        SH:  0    Dex: 13    Spells: 5/5 levels left

rFire   . . .      SeeInvis .    a - +2 dagger
rCold   . . .      Faith    .    (no shield)
rNeg    . . .      Spirit   +    n - +0 acid dragon scales
rPois   .          Reflect  .    (helmet restricted)
rElec   .          Rampage  .    u - +2 cloak
rCorr   +                        (gloves unavailable)
Will    .....                    (boots unavailable) Stlth
                                 j - amulet of guardian spirit
HPRegen 1.14/turn                (no ring)
MPRegen 0.09/turn                (no ring)

@: berserking, very quick
A: large, unfitting armour, claws 3, regeneration 1, shaggy fur 1, tough skin 1
a: Renounce Religion, Berserk


You were on level 4 of the Dungeon.
You worshipped Trog.
Trog was aware of your devotion.
You visited 1 branch of the dungeon, and saw 4 of its levels.

You collected 184 gold pieces.

Inventory:

Hand Weapons
 a - a +2 dagger (weapon)
Missiles
 d - 9 poisoned darts (quivered)
 e - 3 curare-tipped darts
Armour
 n - +0 acid dragon scales (worn)
 u - a +2 cloak (worn)
Jewellery
 j - an amulet of guardian spirit (around neck)
Wands
 o - a wand of flame (13)
 s - a wand of polymorph (5)
Scrolls
 b - 3 scrolls of poison
 c - a scroll of teleportation {unknown}
 h - a scroll of fog
 i - a scroll of identify {unknown}
Potions
 f - a potion of haste
 g - 3 potions of curing
 l - a potion of invisibility


   Skills:
 - Level 1.6 Fighting
 + Level 4.2 Short Blades
 - Level 1.9 Throwing
 - Level 0.9 Dodging
 + Level 3.7 Stealth


You had 5 spell levels left.
You didn't know any spells.
Your spell library contained the following spells:

 Spells                   Type           Power      Damage    Failure   Level
 Lesser Beckoning         Tloc           0%         N/A       67%         2
 Poisonous Vapours        Pois/Air       0%         N/A       67%         2
 Sublimation of Blood     Necr           0%         N/A       67%         2
 Wereblood                Tmut           0%         N/A       67%         2
 Gell's Gravitas          Tloc           0%         N/A       88%         3
 Mephitic Cloud           Conj/Pois/Air  0%         N/A       88%         3
 Teleport Other           Tloc           0%         N/A       88%         3
 Freezing Cloud           Conj/Ice/Air   0%         6-21      100%        5
 Summon Hydra             Summ           0%         N/A       100%        7


Dungeon Overview and Level Annotations

Branches:
Dungeon (4/15)             Temple (0/1) D:4

Altars:
Trog

Shops:
D:1 ?   D:2 :

Annotations:
D:4 Duvessa


Innate Abilities, Weirdness & Mutations

You are too large for most types of armour.
You have claws for hands.
Your natural rate of healing is unusually fast.
You are covered in fur. (AC +1)
You have tough skin. (AC +1)


Message History

Duvessa shouts!
Duvessa goes berserk!
Duvessa moves out of view.
Duvessa is nearby!
Duvessa hits you with a +0 short sword! Duvessa hits you with a +0 short sword.
You barely miss Duvessa. Duvessa hits you with a +0 short sword!
You hit Duvessa.
Duvessa is lightly wounded.
Duvessa hits you with a +0 short sword!
You are too injured to fight recklessly!
You are too injured to fight recklessly!
You are too injured to fight recklessly!
You are too injured to fight recklessly!
You are too injured to fight recklessly!
You are too injured to fight recklessly!
You are too injured to fight recklessly!
You are too injured to fight recklessly!
You are too injured to fight recklessly!
You are too injured to fight recklessly!
You are too injured to fight recklessly!
You are too injured to fight recklessly!
You are too injured to fight recklessly!
Unknown command.
A red film seems to cover your vision as you go berserk!
You feel yourself moving faster!
You feel mighty! Duvessa hits you with a +0 short sword!
* * * LOW HITPOINT WARNING * * *
Duvessa hits you with a +0 short sword!
* * * LOW HITPOINT WARNING * * *
You hit Duvessa.
Duvessa is lightly wounded.
Duvessa closely misses you.
You completely miss Duvessa.
Duvessa is lightly wounded.
You puncture Duvessa! You claw Duvessa!
Duvessa is moderately wounded.
Duvessa barely misses you.
You hit Duvessa.
Duvessa is heavily wounded.
Duvessa hits you with a +0 short sword!
You die...

............##.#####)##..#
#'###.......##.#88#...#..#
#.....#####....#..'...#..#
#####.# ####.####...#.##
#.....# #.#..'...#.#
......## #.##.#⌠8⌠#.##
..#.... #.########..#
..#..### #...........#
#.#....# ####@.#####..# ...#
#^...e......## #..#
+....†.....## #..####
#..........# #.....#
.............##### #.###.#
.................# #'###.#
.........#[.......#
....#.###########.#........#
.........>........##########


You could see Duvessa (berserk).

Vanquished Creatures
  Dowan (D:4)
  A howler monkey (D:4)
  An orc priest (D:3)
  A gnoll bouda (D:4)
  Crazy Yiuf (D:3)
  Ijyb (D:3)
  An orc wizard (D:3)
  Robin (D:3)
  5 gnolls
  6 adders
  2 worms (D:2)
  A dart slug (D:3)
  5 orcs
  6 endoplasms
  5 giant cockroaches
  14 goblins
  8 hobgoblins
  2 jackals (D:1)
  4 kobolds
  5 quokkas
  7 ball pythons
  2 bats
  8 frilled lizards
  4 rats
92 creatures vanquished.

Vanquished Creatures (others)
  A fungus (D:3)
1 creature vanquished.

Grand Total: 93 creatures vanquished

Notes
Turn   | Place    | Note
-------+----------+-------------------------------------------
     0 | D:1      | Malachi the Troll Brigand began the quest for the Orb.
     0 | D:1      | Reached XP level 1. HP: 19/19 MP: 0/0
   154 | D:1      | Reached XP level 2. HP: 28/28 MP: 1/1
   436 | D:1      | Reached skill level 2 in Short Blades
   608 | D:1      | Reached XP level 3. HP: 35/35 MP: 2/2
   631 | D:1      | Found Want's Magic Scroll Shop.
   813 | D:2      | Found Uckeh's Book Shop.
  1143 | D:2      | Reached XP level 4. HP: 41/42 MP: 1/3
  1387 | D:3      | Noticed Robin
  1482 | D:3      | Killed Robin
  1489 | D:3      | Reached skill level 3 in Short Blades
  1539 | D:3      | Found a faded altar of an unknown god.
  1551 | D:3      | Noticed Ijyb
  1573 | D:3      | Killed Ijyb
  1574 | D:3      | Reached XP level 5. HP: 34/49 MP: 2/4
  1601 | D:3      | Prayed at the altar of an unknown god.
  1601 | D:3      | Became a worshipper of Trog the Wrathful
  1601 | D:3      | Reached * piety under Trog
  1657 | D:3      | Found a bloodstained altar of Trog.
  2236 | D:3      | Found a runed translucent door.
  2237 | D:3      | Noticed Crazy Yiuf
  2245 | D:3      | Killed Crazy Yiuf
  2246 | D:3      | Reached XP level 6. HP: 57/57 MP: 5/5
  2585 | D:4      | Found a staircase to the Ecumenical Temple.
  2661 | D:4      | Reached skill level 4 in Short Blades
  2846 | D:4      | Noticed Dowan
  2871 | D:4      | Killed Dowan
  2896 | D:4      | Noticed Duvessa
  2906 | D:4      | Slain by Duvessa

Illustrated notes

Levels and vault maps discovered:
D:1:      lightli_arrival_isolated_outpost, layout_basic, serial_shops, shop
D:2:      layout_rooms, serial_shops, nicolae_shop_advertising_works
          [nicolae_subvault_shop_adworks]
D:3:      layout_rooms, trog_butcher_becter, chequers_ecumenical_altar_simple,
          uniq_robin, uniq_ijyb, uniq_crazy_yiuf_cottage
D:4:      dreamdust_elfheim, layout_basic, nicolae_ru_path_of_blood,
          minmay_temple_entry_glassed_door, kennysheep_path_1

Skill      XL: |  1  2  3  4  5  6 |
---------------+-------------------+-----
Short Blades   | 2 3 4 |  4.2
Stealth        | 3 |  3.7
Fighting       | |  1.6
Throwing       | |  1.9
Dodging        | |  0.9

Action                     |  1- 3 |  4- 6 || total
---------------------------+-------+-------++-------
  Melee: Dagger            |   152 |   306 ||   458
         Punch             |     2 |     4 ||     6
         Unarmed           |       |     3 ||     3
 Invoke: Berserk           |       |     2 ||     2
    Use: Potion            |       |     7 ||     7
         Scroll            |       |     5 ||     5
   Stab: Sleeping          |     5 |     6 ||    11
         Distracted        |       |     1 ||     1
 Armour: Robe              |    74 |    49 ||   123
         Acid dragon scale |       |   114 ||   114
         Skin              |       |     1 ||     1
  Dodge: Dodged            |    74 |   153 ||   227

Table legend: (Time is in decaauts)
 A = Elapsed time spent in this place.
 B = Non-inter-level travel time spent in this place.
 C = Inter-level travel time spent in this place.
 D = Time resting spent in this place.
 E = Time spent auto-exploring this place.
 F = Levels seen in this place.
 G = Mean time per level.
                   A        B        C        D        E       F      G
               +--------+--------+--------+--------+--------+-----+--------+
         Total |   2835 |   2744 |     91 |    216 |   1738 |   4 |  708.8 |
       Dungeon |   2835 |   2744 |     91 |    216 |   1738 |   4 |  708.8 |
               +--------+--------+--------+--------+--------+-----+--------+

Top non-repeatable levels by time:
     D:3: 995 daAuts
     D:1: 808 daAuts
     D:2: 629 daAuts
     D:4: 402 daAuts
